 Dungeon Crawl Stone Soup version 0.32-a0-928-g1cae6b7ea0 (webtiles) character file.

Game seed: 1751651788053537979

9 HilariousDeathArtist the Sneak (level 2, 0/23 HPs)
             Began as a Demonspawn Brigand on Apr 12, 2024.
             Slain by a jackal (1 damage)
             ... on level 1 of the Dungeon.
             The game lasted 00:00:23 (121 turns).

HilariousDeathArtist the Sneak (Demonspawn Brigand)  Turns: 121, Time: 00:00:24

Health: 0/23       AC:  2    Str: 11    XL:     2   Next: 6%
Magic:  2/2        EV:  0    Int: 11    God:
Gold:   0          SH:  0    Dex: 14    Spells: 1/1 levels left

rFire   . . .        a - +2 dagger
rCold   . . .        (no shield)
rNeg    . . .        b - +0 robe
rPois   .            (helmet currently unavailable)
rElec   .            c - melded +0 cloak
rCorr   .            (gloves currently unavailable)
SInv    .            (boots currently unavailable)
Will    .....        (no amulet)
Stlth   ++           (no ring)
HPRegen 0.23/turn    (no ring)
MPRegen 0.08/turn

%: no passive effects
@: beast-form, constricted
A: beast (slay +0), ignite blood 1
a: Begin Untransformation


You were on level 1 of the Dungeon.
You were a hulking beast.
You visited 1 branch of the dungeon, and saw 1 of its levels.

Inventory:

Hand Weapons
 a - a +2 dagger (weapon)
Missiles
 d - 9 poisoned darts
 e - 3 curare-tipped darts
Armour
 b - a +0 robe (worn)
 c - a +0 cloak (melded)
Talismans
 f - a beast talisman (active)
   (You found it on level 1 of the Dungeon)


   Skills:
 + Level 2.8 Fighting
 - Level 1.7 Short Blades
 - Level 1.7 Throwing
 - Level 0.8 Dodging
 - Level 3.6 Stealth


You had one spell level left.
You didn't know any spells.
Your spell library was empty.

Dungeon Overview and Level Annotations

Branches:
Dungeon (1/15)

Altars:


Innate Abilities, Weirdness & Mutations

You are a hulking beast.
Your limbs bulge with bestial killing power. (Slay +0)
Your demonic aura sometimes causes spilled blood to erupt in flames.


Message History

You take 2 damage, and have 11/16 hp.
The giant cockroach bites you. The bat hits you but does no damage.
You take 1 damage, and have 10/16 hp.
The bat hits you but does no damage.
You closely miss the bat. The bat hits you. x2
You take 1 damage, and have 9/16 hp.
You barely miss the bat. The bat hits you but does no damage.
The frilled lizard hisses angrily.
You hit the bat but do no damage. The bat completely misses you.
The bat closely misses you.
You hit the bat.
You kill the bat!
You hit the giant cockroach but do no damage.
The giant cockroach bites you but does no damage.
You hit the giant cockroach but do no damage.
The giant cockroach bites you but does no damage.
You hit the giant cockroach. The giant cockroach misses you.
You hit the giant cockroach.
You kill the giant cockroach!
The bat closely misses you.
You hit the bat.
You kill the bat!
You hit the rat.
You kill the rat!
You hit the frilled lizard.
You kill the frilled lizard!
You hit the hobgoblin but do no damage. The hobgoblin closely misses you.
You barely miss the hobgoblin. The hobgoblin hits you.
You take 1 damage, and have 10/17 hp.
You hit the hobgoblin.
The hobgoblin hits you but does no damage.
You completely miss the hobgoblin. You hit the hobgoblin but do no damage.
The hobgoblin misses you.
You hit the hobgoblin but do no damage. The hobgoblin barely misses you.
You hit the hobgoblin.
You kill the hobgoblin!
You have reached level 2!
Your demonic ancestry asserts itself...
Your blood heats up.
You regained 4 hp, and now have 14/23 hp.
MP restored: 2 A ball python comes into view.
Health restored: 23
Found a stone staircase leading down.
A jackal comes into view.
You see here a beast talisman.
f - a beast talisman There's nothing to close nearby.
You begin transforming.
You continue transforming. x3
You turn into a hulking beast.
Your +0 cloak melds into your body.
Unknown command.
A bat comes into view.
A bat is nearby!
A hobgoblin comes into view.
A rat, 2 jackals and a giant cockroach come into view.
The hobgoblin barely misses you.
You hit the hobgoblin.
You kill the hobgoblin!
A ball python and a jackal come into view.
The ball python hisses angrily.
The jackal barks!
The bat barely misses you.
The jackal barks! x2
The bat hits you.
The rat squeaks loudly.
You take 1 damage, and have 22/23 hp.
You hit the jackal but do no damage. The bat hits you.
The jackal completely misses you.
The jackal bites you but does no damage.
You take 1 damage, and have 21/23 hp.
You hit the jackal but do no damage. The bat closely misses you.
The ball python bites you. The ball python grabs you.
The ball python constricts you. The jackal bites you.
You take 4 damage, and have 17/23 hp.
The ball python's grasp on you weakens, but your attempt to escape fails.
The bat hits you. x2
The jackal pauses to sniff the ground.
The jackal bites you but does no damage.
The ball python bites you but does no damage.
The ball python constricts you. The jackal bites you. x2
You take 6 damage, and have 11/23 hp.
MASSIVE DAMAGE!!
The ball python's grasp on you weakens, but your attempt to escape fails.
The jackal bites you.
The jackal bites you but does no damage.
The ball python bites you. The ball python constricts you.
The giant cockroach waves its antennae.
The giant cockroach bites you.
* * * LOW HITPOINT WARNING * * *
The rat bites you.
* * * LOW HITPOINT WARNING * * *
The jackal bites you.
* * * LOW HITPOINT WARNING * * *
The jackal bites you.
* * * LOW HITPOINT WARNING * * *
The ball python bites you but does no damage.
The ball python constricts you.
* * * LOW HITPOINT WARNING * * *
The jackal bites you.
You die...

.. .. #..#.# ....#.. #
(##.#.# .. . ##. #.#.##
.# .. #.. #.b..#..# ...
### #.# #rhh...# .
....#.. #.###.hB.#....
.......####.#..hhS......
#....#........#....#....
#.......##.####........#
#...........###.>......#
....####...............#
...........#.##.....#.##
.####.##.#.#.###....#.#
###........#.# #....# #


You could see 4 jackals, a giant cockroach, a bat, a ball python and a rat.

Vanquished Creatures
  2 bats (D:1)
  An endoplasm (D:1)
  A giant cockroach (D:1)
  2 hobgoblins (D:1)
  A frilled lizard (D:1)
  A rat (D:1)
8 creatures vanquished.

Notes
Turn   | Place    | Note
-------+----------+-------------------------------------------
     0 | D:1      | HilariousDeathArtist the Demonspawn Brigand began the quest
                  | for the Orb.
     0 | D:1      | Reached XP level 1. HP: 16/16 MP: 1/1
    45 | D:1      | Gained mutation: Your demonic aura sometimes causes spilled
                  | blood to erupt in flames. [demonic ancestry]
    45 | D:1      | Reached XP level 2. HP: 14/23 MP: 2/2
   121 | D:1      | HP: 5/23 [giant cockroach (2)]
   121 | D:1      | HP: 2/23 [jackal (1)]
   121 | D:1      | Slain by a jackal

Illustrated notes

Levels and vault maps discovered:
D:1:      wander_arrival_desolate, layout_rooms, minivault_5,
          lexackson_kobold_supper

Action                     || total
---------------------------++-------
  Melee: Dagger            ||    28
 Armour: Robe              ||    49
  Dodge: Dodged            ||    23
   Form: Beast             ||     1

Table legend: (Time is in decaauts)
 A = Elapsed time spent in this place.
 B = Non-inter-level travel time spent in this place.
 C = Inter-level travel time spent in this place.
 D = Time resting spent in this place.
 E = Time spent auto-exploring this place.
 F = Levels seen in this place.
 G = Mean time per level.
                   A        B        C        D        E       F      G
               +--------+--------+--------+--------+--------+-----+--------+
         Total |    118 |    118 |      0 |      0 |     63 |   1 |  118.0 |
       Dungeon |    118 |    118 |      0 |      0 |     63 |   1 |  118.0 |
               +--------+--------+--------+--------+--------+-----+--------+

Top non-repeatable levels by time:
     D:1: 118 daAuts

Levels and vault maps discovered:
D:1:      wander_arrival_desolate, layout_rooms, minivault_5,
          lexackson_kobold_supper

Table legend: (Time is in decaauts)
 A = Elapsed time spent in this place.
 B = Non-inter-level travel time spent in this place.
 C = Inter-level travel time spent in this place.
 D = Time resting spent in this place.
 E = Time spent auto-exploring this place.
 F = Levels seen in this place.
 G = Mean time per level.
                   A        B        C        D        E       F      G
               +--------+--------+--------+--------+--------+-----+--------+
         Total |    118 |    118 |      0 |      0 |     63 |   1 |  118.0 |
       Dungeon |    118 |    118 |      0 |      0 |     63 |   1 |  118.0 |
               +--------+--------+--------+--------+--------+-----+--------+

Top non-repeatable levels by time:
     D:1: 118 daAuts

Table legend:
 A = Kills in this place as a percentage of kills in the entire game.
 B = Kills by you in this place as a percentage of kills by you in the entire game.
 C = Kills by friends in this place as a percentage of kills by friends in the entire game.
 D = Other kills in this place as a percentage of other kills in the entire game.
 E = Experience gained in this place as a percentage of experience gained in the entire game.
 F = Experience gained in this place divided by the number of levels of this place that you have seen.
                   A       B       C       D       E      F
               +-------+-------+-------+-------+-------+----------------------
         Total | 100.0 | 100.0 |   N/A |   N/A | 100.0 |  14.0
       Dungeon | 100.0 | 100.0 |   N/A |   N/A | 100.0 |  14.0
               +-------+-------+-------+-------+-------+----------------------
